 Dungeon Crawl Stone Soup version 0.28-a0-479-g5baa6b73be (webtiles) character file.

Game seed: 3342251019077383122

4148 Squid the Basher (level 10, -9/129 HPs)
             Began as a Minotaur Berserker on Sept 17, 2021.
             Was a Priest of Trog.
             Mangled by a titanic slime creature (14 damage)
             ... on level 9 of the Dungeon.
             The game lasted 00:15:03 (9135 turns).

Squid the Basher (Minotaur Berserker)               Turns: 9135, Time: 00:15:03

Health: -9/129     AC: 14    Str: 30    XL:     10   Next: 7%
Magic:  9/9        EV:  7    Int:  4    God:    Trog [***...]
Gold:   485        SH:  6    Dex:  5    Spells: 9/9 levels left

rFire   . . .      SeeInvis .   f - +6 morningstar
rCold   . . .      Faith    .   m - +0 kite shield
rNeg    . . .      Spirit   .   d - +2 chain mail
rPois   .          Reflect  .   (helmet restricted)
rElec   .          Harm     .   (no cloak)
rCorr   .          Rampage  .   e - +0 pair of gloves of Narrow Curiosity {*Corrode Regen+ Str+5 Dex-5}
Will    +++..                   (no boots)
Stlth   ..........              (no amulet)
HPRegen 2.31/turn               b - ring of flight
MPRegen 0.11/turn               u - ring of willpower

@: berserking, strong-willed (expiring), flying, regenerating (expiring), very
quick
A: horns 2, retaliatory headbutt
a: Renounce Religion, Berserk, Trog's Hand


You were on level 9 of the Dungeon.
You worshipped Trog.
Trog was most pleased with you.
You visited 2 branches of the dungeon, and saw 10 of its levels.

You collected 485 gold pieces.

Inventory:

Hand Weapons
 f - a +6 morningstar (weapon)
Armour
 d - a +2 chain mail (worn)
 e - the +0 pair of gloves of Narrow Curiosity (worn) {*Corrode Regen+ Str+5 Dex-5}
   (You found it on level 4 of the Dungeon)

   Str:       It affects your strength (+5).
   Dex:       It affects your dexterity (-5).
   Regen:     It increases your rate of health regeneration.
   *Corrode:  It may corrode you when you take damage.
 m - a +0 kite shield (worn)
Jewellery
 b - a ring of flight (left hand)
 u - a ring of willpower (right hand)
Wands
 k - a wand of digging (5)
 n - a wand of flame (15)
 q - a wand of paralysis (12)
Scrolls
 h - a scroll of holy word
 l - a scroll of amnesia {unknown}
 p - a scroll of fog {unknown}
 r - a scroll of identify
 s - a scroll of teleportation {unknown}
Potions
 a - a potion of magic
 c - a potion of curing {unknown}
 g - 2 potions of berserk rage
 i - a potion of might
 o - a potion of brilliance {unknown}
 t - a potion of invisibility {unknown}


   Skills:
 + Level 7.1 Fighting
 + Level 10.4 Maces & Flails
 + Level 7.6 Throwing
 + Level 8.4 Armour
 + Level 4.0 Dodging
 + Level 2.2 Shields


You had 9 spell levels left.
You didn't know any spells.
Your spell library was empty.

Dungeon Overview and Level Annotations

Branches:
Dungeon (9/15)             Temple (1/1) D:7
   Lair: D:8-11         Orc: D:9-12

Altars:
Ashenzari
Cheibriados
Dithmenos
Fedhas
Gozag
Hepliaklqana
Kikubaaqudgha
Makhleb
Okawaru
Qazlal
Ru
Sif Muna
Trog
Uskayaw
Vehumet
Wu Jian
Yredelemnul
Zin
The Shining One

Shops:
D:1 (   D:3 (


Innate Abilities, Weirdness & Mutations

You have a pair of horns on your head.
You reflexively headbutt those who attack you in melee.


Message History

Two slime creatures merge to form a large slime creature.
The slime creature hits you but does no damage.
Your skin crawls.
You feel strong-willed.
You can no longer call in reinforcements.
Two slime creatures merge to form a very large slime creature.
A red film seems to cover your vision as you go berserk!
You feel yourself moving faster!
You feel mighty! The very large slime creature hits you.
You impale the very large slime creature!!
The very large slime creature is moderately wounded.
A large slime creature splits.
You impale the very large slime creature!!
You headbutt the very large slime creature!
The very large slime creature is heavily wounded.
The very large slime creature hits you!!!
You puncture the very large slime creature!
The very large slime creature is heavily wounded.
You block the very large slime creature's attack.
You impale the very large slime creature!!
The very large slime creature is severely wounded.
The very large slime creature hits you!
You puncture the very large slime creature!
The very large slime creature is severely wounded.
You feel the effects of Trog's Hand fading.
Two slime creatures merge to form a large slime creature.
You block the very large slime creature's attack.
You puncture the very large slime creature!
You headbutt the very large slime creature.
The very large slime creature is almost dead.
Two slime creatures merge to form a titanic slime creature.
You completely miss the titanic slime creature.
The titanic slime creature is heavily wounded.
The titanic slime creature hits you!!!
* * * LOW HITPOINT WARNING * * *
You puncture the titanic slime creature!
Your headbutt misses the titanic slime creature.
The titanic slime creature is heavily wounded.
The titanic slime creature hits you!
You die...

###≈# ..≈# #.≈#
######.≈# #......≈##
.##.#####≈≈##
.....†....≈≈## .
.##.#####.#≈≈#######≈≈..
#.##..#...≈≈≈≈@J;≈≈...
#.....###.#######.####
.#####.####.##
.............#
####..........
#........... #..........
####.....##.##
..†...#### ..#


You could see a titanic slime creature and an electric eel.

Vanquished Creatures
  8 yaks (D:9)
  A wraith (D:5)
  A wyvern (D:7)
  A steam dragon (D:6)
  A water moccasin (D:7)
  5 ice beasts
  2 orc warriors (D:7)
  2 black bears (D:4)
  An ogre (D:6)
  A necrophage (D:6)
  A centaur (D:9)
  A phantom (D:4)
  A bullfrog (D:8)
  2 scorpions
  5 wights (D:6)
  A howler monkey (D:7)
  2 centaur zombies
  2 centaur skeletons
  2 hounds (D:5)
  2 jellies
  Crazy Yiuf (D:6)
  3 orc priests
  A bullfrog skeleton (D:7)
  Natasha (twice) (D:2)
  5 iguanas
  6 orc wizards
  2 hound skeletons (D:4)
  A howler monkey zombie (D:8)
  3 adders (D:3)
  2 shadow imps
  A white imp (D:6)
  2 ufetubi
  2 adder skeletons (D:4)
  An adder zombie (D:5)
  2 worms
  2 dart slugs (D:3)
  22 orcs
  6 ball pythons
  An endoplasm (D:1)
  3 giant cockroaches
  6 goblins
  5 hobgoblins
  5 jackals
  2 quokkas
  2 bats
  3 frilled lizards
  6 kobolds
  6 rats
145 creatures vanquished.

Vanquished Creatures (others)
  2 fungi (D:6)
2 creatures vanquished.

Grand Total: 147 creatures vanquished

Notes
Turn   | Place    | Note
-------+----------+-------------------------------------------
     0 | D:1      | Squid the Minotaur Berserker began the quest for the Orb.
     0 | D:1      | Reached XP level 1. HP: 19/19 MP: 0/0
    58 | D:1      | Found Tungumef's Antique Weapon Emporium.
   347 | D:1      | Reached skill level 4 in Maces & Flails
   350 | D:1      | Reached XP level 2. HP: 27/27 MP: 1/1
   502 | D:1      | Found a faded altar of an unknown god.
  2629 | D:2      | Noticed Natasha
  2636 | D:2      | Killed Natasha
  2637 | D:2      | Reached skill level 1 in Throwing
  2637 | D:2      | Reached XP level 3. HP: 21/33 MP: 2/2
  3587 | D:2      | Noticed Natasha
  3596 | D:2      | Killed Natasha
  3597 | D:2      | Reached XP level 4. HP: 25/40 MP: 3/3
  3927 | D:3      | Reached ** piety under Trog
  3977 | D:3      | Found Buruer's Antique Weapon Emporium.
  4121 | D:3      | Reached skill level 5 in Maces & Flails
  4641 | D:3      | Reached XP level 5. HP: 46/46 MP: 4/4
  4908 | D:4      | Noticed a black bear
  4913 | D:4      | Killed a black bear
  5135 | D:4      | Reached XP level 6. HP: 48/52 MP: 5/5
  5332 | D:4      | Identified the +0 pair of gloves of Narrow Curiosity
                  | {*Corrode Regen+ Str+5 Dex-5}
  5565 | D:5      | Entered Level 5 of the Dungeon
  5606 | D:5      | Reached XP level 7. HP: 59/59 MP: 6/6
  5692 | D:5      | Reached skill level 5 in Throwing
  5819 | D:5      | Noticed a wraith
  5835 | D:5      | Killed a wraith
  5836 | D:5      | Reached skill level 5 in Armour
  5870 | D:5      | Reached skill level 6 in Maces & Flails
  6092 | D:5      | Reached *** piety under Trog
  6324 | D:6      | Noticed a steam dragon
  6333 | D:6      | Killed a steam dragon
  6334 | D:6      | Reached XP level 8. HP: 67/67 MP: 7/7
  6548 | D:6      | Reached skill level 5 in Fighting
  6580 | D:6      | Reached skill level 7 in Maces & Flails
  6959 | D:6      | Found a shimmering blue altar of Sif Muna.
  7359 | D:6      | Found a radiant altar of Vehumet.
  7359 | D:6      | Found a stormy altar of Qazlal.
  7367 | D:6      | Found a snail-covered altar of Cheibriados.
  7369 | D:6      | Found a faded altar of an unknown god.
  7371 | D:6      | Found a faded altar of an unknown god.
  7537 | D:6      | Found a runed translucent door.
  7538 | D:6      | Noticed Crazy Yiuf
  7543 | D:6      | Killed Crazy Yiuf
  7599 | D:7      | Reached XP level 9. HP: 75/75 MP: 8/8
  7616 | D:7      | Reached skill level 8 in Maces & Flails
  7848 | D:7      | Found a staircase to the Ecumenical Temple.
  7964 | D:7      | Reached skill level 9 in Maces & Flails
  8110 | Temple   | Entered the Ecumenical Temple
  8976 | D:9      | Reached skill level 1 in Shields
  9017 | D:9      | Reached skill level 10 in Maces & Flails
  9019 | D:9      | Reached **** piety under Trog
  9088 | D:9      | Reached XP level 10. HP: 63/86 MP: 9/9
  9134 | D:9      | HP: 3/129 [titanic slime creature (43)]
  9135 | D:9      | Mangled by a titanic slime creature

Illustrated notes

Levels and vault maps discovered:
D:1:      matt_arrival_refuge, layout_basic, serial_shops, shop_fountains,
          hellmonk_ecumenical_altar_inner_sanctum
D:2:      layout_loops_ring, uniq_natasha
D:3:      layout_loops_ring, serial_shops, shop, minmay_goblin_kobold_house
D:4:      minmay_angry_zag, layout_rooms
D:5:      layout_loops_cross
D:6:      layout_layer_cave, chequers_temple_overflow_minitemple,
          lemuel_doored_altar, minmay_misc_feat_room, uniq_crazy_yiuf_cottage
D:7:      layout_cave_pools, minmay_temple_entry_fiery, serial_column_ruins,
          column_ruins_grid_1, column_ruins_grid_1, column_ruins_open_medium,
          column_ruins_open_small_water, column_ruins_grid_2
D:8:      layout_basic
D:9:      layout_basic, elyvilon_altar_1, lemuel_round_altar,
          erik_lair_orcish_takeover, water_maze_lemuel, uniq_gastronok
Temple:   regret_index_temple_generic_petals

Skill      XL: |  1  2  3  4  5  6  7  8  9 |
---------------+----------------------------+-----
Maces & Flails | 4 5 6 7 10 | 10.4
Throwing       | 1 2 3 4 5 7 |  7.6
Fighting       | 4 5 7 |  7.1
Armour         | 3 4 5 6 8 |  8.4
Dodging        | 3 4 |  4.0
Shields        | 2 |  2.2

Action                   |  1- 3 |  4- 6 |  7- 9 | 10-12 || total
-------------------------+-------+-------+-------+-------++-------
Melee: Mace              |    36 |     2 |       |       ||    38
       Headbutt          |     4 |     7 |    30 |     2 ||    43
       Flail             |       |    43 |    94 |       ||   137
       Morningstar       |       |       |   132 |    12 ||   144
Throw: Dart              |    84 |   141 |    83 |     2 ||   310
Invok: Berserk           |       |       |     3 |     1 ||     4
       Trog's Hand       |       |       |       |     1 ||     1
  Use: Scroll            |     3 |     3 |     7 |       ||    13
       Potion            |     3 |       |       |       ||     3
Armor: Ring mail         |    10 |    13 |       |       ||    23
       Leather armour    |     3 |       |       |       ||     3
       Animal skin       |     1 |       |       |       ||     1
       Chain mail        |       |    34 |   179 |     1 ||   214
Dodge: Dodged            |    44 |    63 |   130 |     1 ||   238
Block: Kite shield       |       |       |    16 |     2 ||    18

Table legend: (Time is in decaauts)
 A = Elapsed time spent in this place.
 B = Non-inter-level travel time spent in this place.
 C = Inter-level travel time spent in this place.
 D = Time resting spent in this place.
 E = Time spent auto-exploring this place.
 F = Levels seen in this place.
 G = Mean time per level.
                   A        B        C        D        E       F      G
               +--------+--------+--------+--------+--------+-----+--------+
         Total |   9193 |   8895 |    298 |   1522 |   5961 |  10 |  919.3 |
       Dungeon |   8975 |   8697 |    278 |   1522 |   5774 |   9 |  997.2 |
        Temple |    217 |    197 |     20 |      0 |    187 |   1 |  217.0 |
               +--------+--------+--------+--------+--------+-----+--------+

Top non-repeatable levels by time:
     D:1: 2631 daAuts
     D:6: 1318 daAuts
     D:2: 1145 daAuts
     D:3: 1105 daAuts
     D:5: 733 daAuts
     D:4: 672 daAuts
     D:8: 589 daAuts
     D:7: 587 daAuts
  Temple: 217 daAuts
     D:9: 192 daAuts
